 Dungeon Crawl Stone Soup version 0.02-32-ge3bdf778cf (webtiles) character file.

Game seed: 10485614116406370167, levelgen mode: deterministic

8648 minicreteconcrete the Carver (level 11, -8/95 HPs) Minotaur Fighter. Began on Sept 11, 2020. Was a Priest of Yredelemnul. Mangled by a catoblepas (25 damage) ... on level 7 of the Dungeon. The game lasted 00:33:15 (6527 turns).

minicreteconcrete the Carver (Minotaur Fighter)     Turns: 6527, Time: 00:33:16

Health: -8/95      AC: 21    Str: 24    XL:     11 ^: 9493
Magic:  13/13      EV: 10    Int: 13    God:    Yredelemnul [3* [91]]
Gold:   258        SH: 13    Dex: 10    Spells: 10/10 levels left

rFire    . . .     Vision   x   a - +0 long sword
rCold    . . .     Gourm    .   r - +1 heater shield {rN+}
rNeg     + . .     Faith    .   D - +5 scale mail "Jeocw" {+Blink}
rPois    .         Spirit   .   (helmet restricted)
rElec    .         Reflect  .   p - +0 cloak
rCorr    .         Harm     .   C - +2 pair of gloves of Knowledge {Int+8 Stlth+}
MR       .....                  A - +0 pair of boots
Stlth    +.........             (no amulet)
HPRegen  0.41/turn              (no ring)
MPRegen  0.23/turn              (no ring)

@: no status effects
A: retaliatory headbutt, horns 2, thin metallic scales 1, impaired vision
a: Twisted Reanimation, Recall Undead Slaves, Drain Life, Renounce Religion,
Evoke Blink


You were on level 7 of the Dungeon.
You worshipped Yredelemnul.
Yredelemnul was most pleased with you.
You were not hungry.

You visited 1 branch of the dungeon, and saw 7 of its levels.

You collected 474 gold pieces.
You spent 216 gold pieces at shops.

Inventory:

Weapons
 a - a +0 long sword (weapon) Shields
 c - a +0 heater shield
 r - a +1 heater shield of positive energy (shield)
Armour
 b - a +0 scale mail
 e - a +2 pair of boots
 i - a +3 chain mail
 p - a +0 cloak (worn)
 t - a +0 pair of gloves
 A - a +0 pair of boots (worn)
 C - the +2 pair of gloves of Knowledge (worn) {Int+8 Stlth+}
   (You found it on level 4 of the Dungeon)

   It affects your intelligence (+8).
   It makes you more stealthy.
 D - the +5 scale mail "Jeocw" (worn) {+Blink}
   (You bought it in a shop on level 5 of the Dungeon)

   It lets you blink.
Jewellery
 h - an uncursed ring of intelligence
Wands
 j - a wand of iceblast (19)
 q - a wand of clouds (3)
 y - a wand of random effects (35)
 z - a wand of ensnaring (7)
 E - a wand of acid (10)
Scrolls
 k - 6 scrolls of fog
 l - 3 scrolls of immolation
 n - 2 scrolls of magic mapping
 o - 2 scrolls of amnesia
 F - 2 scrolls of teleportation
Potions
 g - 4 potions of brilliance
 m - a potion of curing
 s - 2 potions of agility
 u - a potion of haste
 v - 2 potions of magic
 w - a potion of resistance
 x - 3 potions of berserk rage
 B - a potion of lignification
Comestibles
 f - 15 rations


   Skills:
 + Level 8.8 Fighting
 + Level 13.4 Long Blades
 + Level 8.5 Armour
 + Level 3.3 Dodging
 + Level 1.1 Stealth
 + Level 9.3 Shields
 + Level 4.1 Invocations


You had 10 spell levels left.
You didn't know any spells.
Your spell library contained the following spells:

 Spells                   Type           Power        Failure   Level  Hunger
 Animate Skeleton         Necr           N/A          86%         1    ##.....
 Confusing Touch          Hex            0 (50)       86%         1    ##.....
 Flame Tongue             Fire           0 (40)       86%         1    ##.....
 Summon Small Mammal      Summ           0 (25)       86%         1    ##.....


Dungeon Overview and Level Annotations

Branches:
Dungeon (7/8)              Temple (0/1) D:4            Lair (0/6) D:5
    Orc (0/2) D:6          Vaults (0/5) D:7

Altars:
Dithmenos
Hepliaklqana
Kikubaaqudgha
Makhleb
Okawaru
Ru
Vehumet
Xom
Yredelemnul

Shops:
D:5 [

Annotations:
D:2 exclusion: goblin
D:7 Urug


Innate Abilities, Weirdness & Mutations

You reflexively headbutt those who attack you in melee.
You have a pair of horns on your head.
You are partially covered in thin metallic scales. (AC +2)
Your poor vision makes scrolls take longer to read and aiming more difficult.


Message History

Your large abomination is engulfed in calcifying dust. x2
You are engulfed in calcifying dust.
The catoblepas gores you (9)!
* * * LOW HITPOINT WARNING * * *
You are engulfed in calcifying dust.
Your large abomination is no longer petrified.
Your large abomination is engulfed in calcifying dust. x2
Your large abomination is moving more slowly.
The catoblepas gores you (24)!!
* * * LOW HITPOINT WARNING * * *
You turn to flesh and can move again.
Unknown command.
Okay, then.
You feel much better.
Your small abomination is engulfed in calcifying dust.
Your small abomination stops moving altogether!
Your large abomination is engulfed in calcifying dust.
Your large abomination stops moving altogether!
The catoblepas gores you (25)!!
You die...
Your body rises from the dead as a mindless zombie.

## ... .... ...≈.
############......
#....XzxXX@Yo.....
#######X#..#######Z.≈...
#.x.X.#.#..# ...≈.
#.###.#.#### ....
#X#X#.#X# ... #X#z#X#.#
.. #.#..x#X# . #X#####x#
#.XX..X.#


You could see a catoblepas, an orc warrior, a harpy skeleton, 2 friendly large
abominations and a friendly small abomination (petrified).

Vanquished Creatures
  A boulder beetle (D:5)
  An ugly thing (D:6)
  A gargoyle (D:6)
  Maggie (D:5)
  A troll (D:6)
  A wraith (D:6)
  Prince Ribbit (D:3)
  A shadow (D:6)
  2 hogs (D:5)
  A wyvern (D:6)
  A hippogriff (D:6)
  A yak (D:6)
  A human (D:5)
  A slime creature (D:6)
  A necrophage (D:6)
  4 porcupines
  3 black bears
  2 orc warriors (D:6)
  3 ice beasts
  2 sky beasts
  5 ogres
  A redback zombie (D:4)
  A crocodile (D:5)
  4 big kobolds (D:2)
  3 bullfrogs
  4 centaurs
  A gnoll sergeant (D:6)
  2 howler monkeys
  3 scorpions
  2 jellies
  2 crimson imps (D:4)
  2 orc priests (D:6)
  4 hounds (D:6)
  2 orc wizards
  5 iguanas
  9 worker ants
  A water moccasin skeleton (D:3)
  2 bullfrog skeletons
  A gnoll (D:1)
  9 adders
  29 sewer rats (D:2)
  8 cinder newts
  4 worms (D:2)
  A howler monkey zombie (D:5)
  An ooze (D:2)
  7 leopard geckos
  19 orcs
  An adder skeleton (D:5)
  5 giant cockroaches
  2 goblins (D:1)
  4 hobgoblins (D:1)
  2 quokkas
  4 ball pythons
  8 bats (D:1)
  18 kobolds
  5 rats
211 creatures vanquished.

Vanquished Creatures (collateral kills)
  An ugly thing (D:6)
  A troll (D:6)
  A cyclops (D:6)
  A wyvern (D:6)
  2 hogs (D:5)
  A slime creature (D:6)
  2 porcupines (D:5)
  3 orc warriors (D:6)
  A black bear (D:5)
  3 ogres
  A scorpion (D:6)
  5 howler monkeys
  A hornet zombie (D:6)
  A wight (D:6)
  A crimson imp (D:4)
  An orc priest (D:6)
  A hound (D:6)
  A jelly (D:4)
  5 orc wizards
  A worker ant (D:4)
  A wyvern skeleton (D:6)
  A bullfrog zombie (D:6)
  2 orcs (D:5)
  5 butterflies
43 creatures vanquished.

Vanquished Creatures (others)
  A jelly (D:2)
  5 sewer rats (D:2)
  An ooze (D:2)
  A leopard gecko (D:2)
  An adder skeleton (D:2)
  A cinder newt skeleton (D:2)
  A goblin (D:2)
  2 bats (D:2)
  6 crawling corpses
  28 fungi (D:5)
  3 giant blowflies (D:2)
  2 large abominations (D:6)
  6 macabre masses
  29 plants (D:5)
  4 small abominations
  151 withered plants
242 creatures vanquished.

Grand Total: 496 creatures vanquished

Notes
Turn   | Place    | Note
-------+----------+-------------------------------------------
     0 | D:1      | minicreteconcrete the Minotaur Fighter began the quest for
                  | the Orb.
     0 | D:1      | Reached XP level 1. HP: 19/19 MP: 0/0
   225 | D:1      | Reached XP level 2. HP: 12/27 MP: 1/1
   362 | D:1      | Reached XP level 3. HP: 33/33 MP: 2/2
   663 | D:1      | Reached skill level 3 in Long Blades
  1076 | D:1      | Reached XP level 4. HP: 37/40 MP: 3/3
  1157 | D:2      | Noticed a big kobold
  1173 | D:2      | Killed a big kobold
  1173 | D:2      | Reached XP level 5. HP: 42/47 MP: 4/4
  1178 | D:2      | Reached skill level 4 in Long Blades
  1400 | D:2      | Reached skill level 5 in Armour
  1400 | D:2      | Reached skill level 1 in Dodging
  1400 | D:2      | Reached XP level 6. HP: 4/55 MP: 5/5
  1404 | D:2      | Reached skill level 5 in Shields
  1408 | D:2      | Reached skill level 5 in Fighting
  1478 | D:2      | Reached skill level 5 in Long Blades
  1695 | D:2      | Found a basalt altar of Yredelemnul.
  1732 | D:2      | Became a worshipper of Yredelemnul the Dark
  1924 | D:2      | Reached XP level 7. HP: 61/61 MP: 6/6
  1968 | D:2      | Found an iron altar of Okawaru.
  2033 | D:2      | Reached skill level 6 in Long Blades
  2724 | D:3      | Noticed Prince Ribbit
  2784 | D:3      | Killed Prince Ribbit
  2934 | D:2      | Reached skill level 7 in Long Blades
  3144 | D:3      | Reached XP level 8. HP: 70/70 MP: 7/7
  3282 | D:3      | Reached * piety under Yredelemnul
  3486 | D:3      | Found a hazy altar of Hepliaklqana.
  3678 | D:4      | Found a staircase to the Ecumenical Temple.
  3702 | D:4      | Gained mutation: Your poor vision makes scrolls take longer
                  | to read and aiming more difficult. [potion of mutation]
  3702 | D:4      | Gained mutation: You are partially covered in thin metallic
                  | scales. (AC +2) [potion of mutation]
  3703 | D:4      | Reached skill level 8 in Long Blades
  3947 | D:4      | Reached skill level 9 in Long Blades
  3964 | D:4      | Found a shimmering altar of Xom.
  4061 | D:4      | Found a shadowy altar of Dithmenos.
  4069 | D:4      | Reached skill level 1 in Invocations
  4219 | D:4      | Found a burning altar of Makhleb.
  4226 | D:4      | Reached XP level 9. HP: 78/78 MP: 8/8
  4371 | D:4      | Identified the +2 pair of gloves of Knowledge {Int+8
                  | Stlth+}
  4496 | D:5      | Entered Level 5 of the Dungeon
  4496 | D:5      | Found Dito's Antique Armour Shoppe.
  4498 | D:5      | Bought a garnet-encrusted scale mail for 216 gold pieces
  4498 | D:5      | Identified the +5 scale mail "Jeocw" {+Blink} (You bought
                  | it in a shop on level 5 of the Dungeon)
  4510 | D:5      | Found a sacrificial altar of Ru.
  4592 | D:5      | Found a radiant altar of Vehumet.
  4599 | D:5      | Reached skill level 10 in Long Blades
  4652 | D:5      | Found a staircase to the Lair.
  4675 | D:5      | Noticed a boulder beetle
  4684 | D:5      | Reached ** piety under Yredelemnul
  4728 | D:5      | Killed a boulder beetle
  4728 | D:5      | Reached skill level 11 in Long Blades
  4788 | D:5      | Noticed Maggie
  4803 | D:5      | Killed Maggie
  4803 | D:5      | Reached XP level 10. HP: 32/88 MP: 8/10
  4871 | D:5      | Found an ancient bone altar of Kikubaaqudgha.
  5369 | D:6      | Reached skill level 12 in Long Blades
  5591 | D:6      | Reached skill level 1 in Stealth
  5775 | D:6      | Reached *** piety under Yredelemnul
  5889 | D:6      | Reached skill level 13 in Long Blades
  5901 | D:6      | Received a gift from Yredelemnul (a wight)
  6070 | D:6      | Found a staircase to the Orcish Mines.
  6144 | D:6      | Reached XP level 11. HP: 90/95 MP: 13/13
  6414 | D:7      | Found a gate to the Vaults.
  6414 | D:7      | Noticed a two-headed ogre
  6414 | D:7      | Noticed Urug
  6504 | D:7      | Noticed a catoblepas
  6526 | D:7      | HP: 3/95 [catoblepas (24)]
  6527 | D:7      | Mangled by a catoblepas

Levels and vault maps discovered:
D:1:      minmay_arrival_nine_rooms, layout_basic, minmay_distorted
D:2:      layout_sewer, kennysheep_okawaru_gauntlet, yredelemnul_altar_generic
D:3:      layout_cave_pools, kennysheep_little_box, first_ration,
          uniq_prince_ribbit1
D:4:      layout_loops_ring, xom_butterflies, makhleb_grotto_becter,
          old_standard_altar, minmay_temple_entry_ruins
D:5:      layout_loops_ring, kiku_gazebo_garden_becter,
          overflow_temple_1_default, nicolae_ru_sacrificial_ziggurat,
          due_lair_maze_entry_diamond, serial_shops, shop, grunt_livestock,
          uniq_maggie
D:6:      layout_roguey, david_orc_4
D:7:      layout_roguey, zin_academy, nicolae_overflow_crystal_walls,
          david_vaults_3, infiniplex_staircase_spiral

Skill      XL: |  1  2  3  4  5  6  7  8  9 10 |
---------------+-------------------------------+-----
Shields        | 4 5 6 8 9 |  9.3
Armour         | 4 5 6 7 8 |  8.5
Fighting       | 4 5 6 8 |  8.8
Long Blades    | 3 4 5 7 9 11 13 | 13.4
Dodging        | 1 2 3 |  3.3
Invocations    | 1 2 4 |  4.1
Stealth        | 1 |  1.1

Action                   |  1- 3 |  4- 6 |  7- 9 | 10-12 || total
-------------------------+-------+-------+-------+-------++-------
Melee: Long sword        |   113 |   171 |   341 |   311 ||   936
       Headbutt          |     4 |    25 |    57 |    83 ||   169
Invok: Twisted Reanimati |       |       |    15 |    21 ||    36
       Recall Undead Sla |       |       |       |     6 ||     6
       Drain Life        |       |       |       |     2 ||     2
Evoke: Wand              |       |       |     1 |     2 ||     3
  Use: Scroll            |       |     1 |     1 |       ||     2
       Potion            |       |     1 |     2 |     2 ||     5
 Stab: Fleeing           |       |     1 |       |       ||     1
       Distracted        |       |       |       |     1 ||     1
  Eat: Chunk             |     1 |     2 |    15 |    13 ||    31
Armor: Scale mail        |    79 |    48 |    43 |   124 ||   294
       Chain mail        |       |    27 |   106 |       ||   133
Dodge: Dodged            |    39 |    63 |    57 |    53 ||   212
Block: Heater shield     |    71 |   100 |   133 |   133 ||   437
       Rpst.: Long sword |     6 |    20 |    18 |    13 ||    57
